 Dungeon Crawl Stone Soup version 0.15.0-12-gccce430 (webtiles) character file.

126 Kejsarherre the Cudgeler (level 5, 0/55 HPs)
             Began as an Ogre Hunter on Sept 2, 2014.
             Was an Initiate of Trog.
             Slain by Aelig's ghost (8 damage)
             ... on Level 3 of the Dungeon.
             The game lasted 00:06:09 (1713 turns).

Kejsarherre the Cudgeler (Ogre Hunter)              Turns: 1713, Time: 00:06:10

HP   0/55        AC  5     Str 18      XL: 5   Next: 10%
MP   5/5         EV 10     Int 10      God: Trog [......]
Gold 34          SH  0     Dex 10      Spells:  0 memorised,  4 levels left

rFire  . . .     SeeInvis .     b - +0 flail
rCold  . . .     Clarity  .     p - +2 robe {MR+}
rNeg   . . .     rCorr    .     (shield restricted)
rPois  .         rRot     .     (helmet restricted)
rElec  .         Spirit   .     (no cloak)
SustAb .         Warding  .     (gloves unavailable)
rMut   .         Stasis   .     (boots unavailable)
Gourm  .                        (no amulet)
MR     +....                    (no ring)
                                (no ring)

@: very slightly contaminated, hasted, very quick, somewhat resistant to hostile
enchantments, very unstealthy
A: unfitting armour, tough skin 1
a: Burn Spellbooks, Renounce Religion


You were on level 3 of the Dungeon.
You worshipped Trog.
Trog was noncommittal.
You were hungry.

You visited 1 branch of the dungeon, and saw 3 of its levels.

You collected 34 gold pieces.

Inventory:

Hand weapons
 b - a +0 flail (weapon)
Missiles
 c - a throwing net (quivered)
Armour
 p - a +2 robe of magic resistance (worn)
Comestibles
 f - a meat ration
 q - 2 bread rations
Scrolls
 e - a scroll of teleportation {unknown}
 j - a scroll of fear {unknown}
 k - a scroll of enchant weapon {unknown}
 n - a scroll of recharging {unknown}
 o - a scroll of random uselessness {unknown}
 r - a scroll of enchant armour {unknown}
Potions
 g - a potion of degeneration {unknown}
 h - a potion of resistance {unknown}
 i - a potion of heal wounds {unknown}
 l - a potion of might {unknown}
 m - 2 potions of lignification {unknown}
Books
 s - a book of Callings

   Spells                             Type                      Level
   Summon Small Mammal                Summoning                    1
   Call Imp                           Summoning                    2
   Call Canine Familiar               Summoning                    3
   Summon Guardian Golem              Hexes/Summoning              4
   Summon Lightning Spire             Summoning/Air                4
   Summon Ice Beast                   Ice/Summoning                4
   Trog disapproves of the use of such an item.


   Skills:
 + Level 4.7 Fighting
 * Level 4.9 Maces & Flails
 - Level 4.3 Throwing
 - Level 1.7 Dodging
 - Level 0.7 Stealth


You had 4 spell levels left.
You didn't know any spells.

Dungeon Overview and Level Annotations

Branches:
Dungeon (3/15)

Altars:
Cheibriados
Dithmenos
Sif Muna
Trog
Vehumet
Xom

Annotations:
D:3 2 exclusions, Aelig's ghost, average OpTm


Innate Abilities, Weirdness & Mutations

You are too large for most types of armour.
You have tough skin (AC +1).


Message History

You throw a large rock.
The large rock barely misses Aelig's ghost.
Aelig's ghost hits you.
* * * LOW HITPOINT WARNING * * *
Throwing (i - inventory. (,) - cycle):
a - a large rock (quivered)
Press: ? - help, Shift-Dir - straight line, f/p - Aelig's ghost
Aim: Aelig's ghost (heavily damaged)
You throw a large rock. The large rock misses Aelig's ghost.
Aelig's ghost closely misses you.
Drink which item? (? for menu, Esc to quit)
You feel yourself speed up.
It was a potion of haste.
Aelig's ghost hits you.
* * * LOW HITPOINT WARNING * * *
You are very lightly contaminated with residual magic.
You hit Aelig's ghost.
Aelig's ghost is severely damaged.
Aelig's ghost barely misses you.
You miss Aelig's ghost.
Aelig's ghost is severely damaged.
Aelig's ghost hits you!
You die...

#..# #... #.# #..#
#... #..####..###
####... #..........#
#...... #..........#
#...... #..........#
#...... #..........#
#.....#
##..........###.[....
#...@W....(..##......
#............#####...
#.........)..# #...
#.........)..# #...
+..####+#'###.# #...
##. #...# #.# #... #
####..###.# #.##
#......##.# #.##
#.#..>.##.# #.##


You could see Aelig's ghost.

Vanquished Creatures
  Terence (D:3)
  3 adders
  4 gnolls (D:3)
  5 bats (D:1)
  6 hobgoblins
  6 jackals
  2 kobolds
  3 quokkas
  A ball python (D:1)
  5 giant cockroaches
  6 giant newts
  3 goblins
  8 rats
53 creatures vanquished.

Notes
Turn   | Place    | Note
--------------------------------------------------------------
     0 | D:1      | Kejsarherre, the Ogre Hunter, began the quest for the Orb.
     0 | D:1      | Reached XP level 1. HP: 22/22 MP: 1/1
   222 | D:1      | Reached XP level 2. HP: 14/29 MP: 2/2
   255 | D:1      | Found a shimmering altar of Xom.
   947 | D:2      | Reached XP level 3. HP: 25/37 MP: 3/3
  1117 | D:2      | Found a radiant altar of Vehumet.
  1326 | D:3      | Found a shimmering altar of Xom.
  1330 | D:3      | Found a bloodstained altar of Trog.
  1330 | D:3      | Found a shadowy altar of Dithmenos.
  1330 | D:3      | Found a snail-covered altar of Cheibriados.
  1414 | D:3      | Reached XP level 4. HP: 33/48 MP: 4/4
  1416 | D:3      | Became a worshipper of Trog the Wrathful
  1632 | D:3      | Noticed Terence
  1638 | D:3      | Killed Terence
  1638 | D:3      | Reached XP level 5. HP: 29/55 MP: 5/5
  1667 | D:3      | Found a deep blue altar of Sif Muna.
  1687 | D:3      | Noticed Aelig's ghost (average OpTm)
  1713 | D:3      | Slain by Aelig's ghost

Action                   |  1- 3 |  4- 6 || total
-------------------------+-------+-------++-------
Melee: Club              |   126 |    38 ||   164
       Flail             |       |    21 ||    21
Throw: Large rock        |    18 |     7 ||    25
       Throwing net      |       |     1 ||     1
  Use: Potion            |       |     1 ||     1
  Eat: Chunk             |     2 |       ||     2
